SAA
LONG ISLAND SEAWOLVES @ PHOENIX HOTSPUR YOUTH
08/12/2034
 
TOP OF THE 1ST
Long Island Seawolves batting - Pitching for Phoenix Hotspur Youth : RHP José Correa
Pitching: RHP José Correa
Batting: SHB Cheong-hun Kang 0-0: Ball
1-0: Ground out 4-3 (Groundball, 4)
Batting: RHB Taua Naituyaga 0-0: Called Strike
0-1: Ball
1-1: Ground out 5-3 (Groundball, 56)
Batting: RHB John Shultz 0-0: Foul Ball, location: 2F
0-1: Ball
1-1: Called Strike
1-2: Foul Ball, location: 2F
1-2: DOUBLE (Line Drive, 7LS)
Batting: RHB John Mayasich 0-0: Fly out, F8 (Flyball, 8RD)
Top of the 1st over - 0 runs, 1 hit, 0 errors, 1 left on base; Long Island 0 - Phoenix Hotspur 0
BOTTOM OF THE 1ST
Phoenix Hotspur Youth batting - Pitching for Long Island Seawolves : RHP Lonnie Zavala
Pitching: RHP Lonnie Zavala
Batting: RHB Alberto Ramírez 0-0: Ball
1-0: Called Strike
1-1: Called Strike
1-2: Ball
2-2: DOUBLE (Flyball, 8RD)
Batting: RHB Francisco Arriagada 0-0: Called Strike
0-1: Ground out 5-3 (Groundball, 56)
Batting: LHB Phil Mazzeo 0-0: Called Strike
0-1: Ball
1-1: Foul Ball, location: 2F
1-2: Ball
2-2: Foul Ball, location: 2F
2-2: Fly out, F8 (Flyball, 8LXD)
Runner from 2nd tags up, SAFE at 3rd, no throw
Batting: LHB Carlos Rodríguez 0-0: Fly out, F8 (Flyball, 8LM)
Bottom of the 1st over - 0 runs, 1 hit, 0 errors, 1 left on base; Long Island 0 - Phoenix Hotspur 0
TOP OF THE 2ND
Long Island Seawolves batting - Pitching for Phoenix Hotspur Youth : RHP José Correa
Batting: SHB Alexei Ponikarov 0-0: Called Strike
0-1: Swinging Strike
0-2: SINGLE (Line Drive, 9S)
Batting: RHB Carlos Gonzáles 0-0: Foul Ball, location: 2F
0-1: Ball
1-1: Ball
2-1: Swinging Strike
2-2: Strikes out swinging
Batting: RHB Shigeaki Samurakami 0-0: Ball
1-0: Ball
2-0: Called Strike
2-1: Swinging Strike
2-2: Foul Ball, location: 2F
2-2: Foul Ball, location: 2F
2-2: Strikes out swinging
Batting: RHB Wes O'Mulhill 0-0: Ball
1-0: Foul Ball, location: 2F
1-1: Swinging Strike
1-2: Strikes out swinging
Top of the 2nd over - 0 runs, 1 hit, 0 errors, 1 left on base; Long Island 0 - Phoenix Hotspur 0
BOTTOM OF THE 2ND
Phoenix Hotspur Youth batting - Pitching for Long Island Seawolves : RHP Lonnie Zavala
Batting: RHB Jonas van Claveren 0-0: Fly out, F8 (Flyball, 8RD)
Batting: LHB Damian Alldred 0-0: Ball
1-0: Called Strike
1-1: Ball
2-1: SINGLE (Line Drive, 89M)
Batting: RHB José Souza 0-0: Called Strike
0-1: Foul Ball, location: 2F
0-2: Grounds into double play, 6-4-3 (Groundball, 6)
Bottom of the 2nd over - 0 runs, 1 hit, 0 errors, 0 left on base; Long Island 0 - Phoenix Hotspur 0
TOP OF THE 3RD
Long Island Seawolves batting - Pitching for Phoenix Hotspur Youth : RHP José Correa
Batting: LHB Rurik Elhov 0-0: Ball
1-0: Ball
2-0: Called Strike
2-1: Foul Ball, location: 2F
2-2: Ball
3-2: Strikes out swinging
Batting: SHB Cheong-hun Kang 0-0: Fly out, F8 (Flyball, 8RS)
Batting: RHB Taua Naituyaga 0-0: Fly out, F7 (Line Drive, 7)
Top of the 3rd over - 0 runs, 0 hits, 0 errors, 0 left on base; Long Island 0 - Phoenix Hotspur 0
BOTTOM OF THE 3RD
Phoenix Hotspur Youth batting - Pitching for Long Island Seawolves : RHP Lonnie Zavala
Batting: RHB Myles Brundidge 0-0: Ball
1-0: Called Strike
1-1: Ball
2-1: Ball
3-1: Base on Balls
Batting: RHB Bill Poole 0-0: Ball
1-0: Ball
2-0: Swinging Strike
2-1: Fly out, F7 (Flyball, 7S)
Batting: RHB Alberto Ramírez 0-0: Ball
1-0: Called Strike
1-1: Ball
2-1: Reached on error, E6 (Groundball, 6)
Myles Brundidge to second
Batting: RHB Francisco Arriagada 0-0: Ball
1-0: Ball
2-0: Called Strike
2-1: Grounds into double play, 4-6-3 (Groundball, 4)
Bottom of the 3rd over - 0 runs, 0 hits, 1 error, 1 left on base; Long Island 0 - Phoenix Hotspur 0
TOP OF THE 4TH
Long Island Seawolves batting - Pitching for Phoenix Hotspur Youth : RHP José Correa
Batting: RHB John Shultz 0-0: SINGLE (Flyball, 89S)
Batting: RHB John Mayasich 0-0: Ball
1-0: Called Strike
1-1: 2-RUN HOME RUN (Flyball, 7D), Distance : 373 ft
Batting: SHB Alexei Ponikarov 0-0: Ball
1-0: Foul Ball, location: 2F
1-1: Foul Ball, location: 2F
1-2: Ball
2-2: Ball
3-2: Base on Balls
Batting: RHB Carlos Gonzáles 0-0: Foul Ball, location: 2F
0-1: Called Strike
0-2: Ball
1-2: Ball
2-2: Foul Ball, location: 2F
2-2: Foul Ball, location: 2F
2-2: Foul Ball, location: 2F
2-2: Strikes out swinging
Batting: RHB Shigeaki Samurakami 0-0: Ball
1-0: Ball
Alexei Ponikarov is caught stealing 2nd base
2-0: Swinging Strike
2-1: Ball
3-1: Ground out 6-3 (Groundball, 6)
Top of the 4th over - 2 runs, 2 hits, 0 errors, 0 left on base; Long Island 2 - Phoenix Hotspur 0
BOTTOM OF THE 4TH
Phoenix Hotspur Youth batting - Pitching for Long Island Seawolves : RHP Lonnie Zavala
Batting: LHB Phil Mazzeo 0-0: Ball
1-0: Foul Ball, location: 2F
1-1: Ball
2-1: Swinging Strike
2-2: DOUBLE (Line Drive, 7LS)
Batting: LHB Carlos Rodríguez 0-0: Called Strike
0-1: Foul Ball, location: 2F
0-2: Ball
1-2: Ground out 4-3 (Groundball, 34D)
Phil Mazzeo to third
Batting: RHB Jonas van Claveren 0-0: Called Strike
0-1: Ball
1-1: Ball
2-1: Foul Ball, location: 2F
2-2: SINGLE (Line Drive, 89S)
Phil Mazzeo scores
Batting: LHB Damian Alldred 0-0: Ball
Jonas van Claveren steals 2nd base
1-0: SINGLE (Groundball, 56D)
Jonas van Claveren to third
Runner from 3rd tries for Home, SAFE, no throw
Batting: RHB José Souza 0-0: Called Strike
0-1: Ball
1-1: Ball
2-1: Foul Ball, location: 2F
2-2: Foul Ball, location: 2F
2-2: Foul Ball, location: 2F
2-2: Ball
3-2: Foul Ball, location: 2F
3-2: Base on Balls
Damian Alldred to second
Batting: RHB Myles Brundidge 0-0: Ball
1-0: Called Strike
Damian Alldred steals 3rd base
1-1: Ball
2-1: Ball
3-1: Foul Ball, location: 2F
3-2: DOUBLE (Groundball, 5L)
Damian Alldred scores
José Souza to third
Batting: RHB Bill Poole 0-0: Called Strike
0-1: Ball
1-1: Ball
2-1: DOUBLE (Line Drive, 7LM)
José Souza scores
Myles Brundidge scores
Batting: RHB Alberto Ramírez 0-0: Called Strike
0-1: Fly out, F7 (Line Drive, 7S)
Batting: RHB Francisco Arriagada 0-0: Swinging Strike
0-1: Fly out, F8 (Flyball, 8LD)
Bottom of the 4th over - 5 runs, 5 hits, 0 errors, 1 left on base; Long Island 2 - Phoenix Hotspur 5
TOP OF THE 5TH
Long Island Seawolves batting - Pitching for Phoenix Hotspur Youth : RHP José Correa
Batting: RHB Wes O'Mulhill 0-0: Ball
1-0: Called Strike
1-1: Ball
2-1: Called Strike
2-2: Foul Ball, location: 2F
2-2: Ball
3-2: Base on Balls
Batting: LHB Rurik Elhov 0-0: Ball
1-0: Ball
2-0: Foul Ball, location: 2F
2-1: Ball
3-1: Called Strike
3-2: Foul Ball, location: 2F
3-2: Ground out U3 (Groundball, 3S)
Wes O'Mulhill to second
Batting: SHB Cheong-hun Kang 0-0: Ball
1-0: Swinging Strike
1-1: Foul Ball, location: 2F
1-2: Fly out, F4 (Line Drive, 4)
Pitching: LHP Cameron Roberts
Batting: RHB Taua Naituyaga 0-0: Fly out, F9 (Flyball, 9LS)
Top of the 5th over - 0 runs, 0 hits, 0 errors, 1 left on base; Long Island 2 - Phoenix Hotspur 5
BOTTOM OF THE 5TH
Phoenix Hotspur Youth batting - Pitching for Long Island Seawolves : RHP Lonnie Zavala
Batting: LHB Phil Mazzeo 0-0: Ground out U3 (Groundball, 34)
Batting: LHB Carlos Rodríguez 0-0: Ball
1-0: Called Strike
1-1: Ground out U3 (Groundball, 3)
Batting: RHB Jonas van Claveren 0-0: Ball
1-0: Called Strike
1-1: Foul Ball, location: 2F
1-2: Ball
2-2: Strikes out swinging
Bottom of the 5th over - 0 runs, 0 hits, 0 errors, 0 left on base; Long Island 2 - Phoenix Hotspur 5
TOP OF THE 6TH
Long Island Seawolves batting - Pitching for Phoenix Hotspur Youth : LHP Cameron Roberts
Batting: RHB John Shultz 0-0: DOUBLE (Line Drive, 9)
Batting: RHB John Mayasich 0-0: Ball
1-0: Fly out, F7 (Flyball, 78D)
Batting: SHB Alexei Ponikarov 0-0: Ball
1-0: DOUBLE (Line Drive, 7LD)
John Shultz scores
Batting: RHB Carlos Gonzáles 0-0: SINGLE (Groundball, 6MD)
Alexei Ponikarov to third
Batting: RHB Shigeaki Samurakami 0-0: Called Strike
0-1: SINGLE (Line Drive, 8LS)
Alexei Ponikarov scores
Carlos Gonzáles to second
Pitching: RHP Jason MacDonald
Batting: RHB Wes O'Mulhill 0-0: Ball
1-0: Grounds into double play, 6-4-3 (Groundball, 6)
Top of the 6th over - 2 runs, 4 hits, 0 errors, 1 left on base; Long Island 4 - Phoenix Hotspur 5
BOTTOM OF THE 6TH
Phoenix Hotspur Youth batting - Pitching for Long Island Seawolves : RHP Lonnie Zavala
Batting: LHB Damian Alldred 0-0: Ball
1-0: Called Strike
1-1: Ball
2-1: Ball
3-1: Swinging Strike
3-2: Fly out, F9 (Flyball, 9LMF)
Batting: RHB José Souza 0-0: Called Strike
0-1: Called Strike
0-2: Strikes out swinging
Batting: RHB Myles Brundidge 0-0: Ball
1-0: Called Strike
1-1: Foul Ball, location: 2F
1-2: Ground out 3-1 (Groundball, 34)
Bottom of the 6th over - 0 runs, 0 hits, 0 errors, 0 left on base; Long Island 4 - Phoenix Hotspur 5
TOP OF THE 7TH
Long Island Seawolves batting - Pitching for Phoenix Hotspur Youth : RHP Jason MacDonald
Batting: LHB Rurik Elhov 0-0: Foul Ball, location: 2F
0-1: Ball
1-1: Ball
2-1: Ball
3-1: Foul Ball, location: 2F
3-2: Strikes out looking
Batting: SHB Cheong-hun Kang 0-0: Ground out 3-1 (Groundball, 2R)
Batting: RHB Taua Naituyaga 0-0: Foul Ball, location: 2F
0-1: Ball
1-1: Ball
2-1: Foul Ball, location: 2F
2-2: Fly out, F9 (Line Drive, 89M)
Top of the 7th over - 0 runs, 0 hits, 0 errors, 0 left on base; Long Island 4 - Phoenix Hotspur 5
BOTTOM OF THE 7TH
Phoenix Hotspur Youth batting - Pitching for Long Island Seawolves : RHP Lonnie Zavala
Batting: RHB Bill Poole 0-0: Ball
1-0: Ball
2-0: Ball
3-0: Base on Balls
Batting: LHB Joseph Antoine 0-0: Bunted foul
0-1: Ball
1-1: Bunt missed!
1-2: DOUBLE (Groundball, 5L)
Bill Poole to third
Batting: RHB Francisco Arriagada 0-0: Called Strike
0-1: Foul Ball, location: 2F
0-2: Ball
1-2: Strikes out swinging
Pitching: RHP Galal Lone
Batting: LHB Phil Mazzeo 0-0: Ball
1-0: Ball
2-0: SINGLE (Line Drive, 89S)
Bill Poole scores
Joseph Antoine to third
Batting: LHB Carlos Rodríguez 0-0: Foul Ball, location: 2F
0-1: Swinging Strike
0-2: Ball
1-2: Ball
Phil Mazzeo is caught stealing 2nd base
2-2: Ball
3-2: SINGLE (Line Drive, 7LM)
Joseph Antoine scores
Batting: RHB Jonas van Claveren 0-0: Ball
1-0: Foul Ball, location: 2F
1-1: Swinging Strike
1-2: Ball
2-2: Ball
3-2: Strikes out looking
Bottom of the 7th over - 2 runs, 3 hits, 0 errors, 1 left on base; Long Island 4 - Phoenix Hotspur 7
TOP OF THE 8TH
Long Island Seawolves batting - Pitching for Phoenix Hotspur Youth : RHP Jason MacDonald
Now in RF: Joseph Antoine
Batting: RHB John Shultz 0-0: Called Strike
0-1: Ball
1-1: Foul Ball, location: 2F
1-2: Ball
2-2: Strikes out swinging
Batting: RHB John Mayasich 0-0: Called Strike
0-1: SINGLE (Groundball, 2L) (infield hit)
Batting: SHB Alexei Ponikarov 0-0: Grounds into double play, 6-4-3 (Groundball, 6)
Top of the 8th over - 0 runs, 1 hit, 0 errors, 0 left on base; Long Island 4 - Phoenix Hotspur 7
BOTTOM OF THE 8TH
Phoenix Hotspur Youth batting - Pitching for Long Island Seawolves : RHP Galal Lone
Batting: LHB Damian Alldred 0-0: Swinging Strike
0-1: Ball
1-1: Foul Ball, location: 2F
1-2: Ball
2-2: Foul Ball, location: 2F
2-2: SINGLE (Groundball, 34D)
Batting: RHB José Souza 0-0: Bunt missed!
0-1: Ball
Damian Alldred is caught stealing 2nd base
1-1: Ground out 1-3 (Groundball, 15S)
Batting: RHB Myles Brundidge 0-0: Fly out, F9 (Flyball, 9S)
Bottom of the 8th over - 0 runs, 1 hit, 0 errors, 0 left on base; Long Island 4 - Phoenix Hotspur 7
TOP OF THE 9TH
Long Island Seawolves batting - Pitching for Phoenix Hotspur Youth : RHP Jason MacDonald
Pitching: RHP Jorge Cruzan
Batting: RHB Carlos Gonzáles 0-0: Ball
1-0: Ball
2-0: Ball
3-0: Called Strike
3-1: Foul Ball, location: 2F
3-2: Strikes out swinging
Batting: RHB Shigeaki Samurakami 0-0: Ball
1-0: Called Strike
1-1: Ball
2-1: Foul Ball, location: 2F
2-2: Strikes out swinging
Batting: RHB Wes O'Mulhill 0-0: Swinging Strike
0-1: SINGLE (Flyball, 8LS)
Batting: LHB Rurik Elhov 0-0: Ball
1-0: Ball
2-0: Called Strike
2-1: Swinging Strike
2-2: Fielders Choice at 2nd, 6-4 (Groundball, 6)
Top of the 9th over - 0 runs, 1 hit, 0 errors, 1 left on base; Long Island 4 - Phoenix Hotspur 7
Friday, March 29th, 2019 - OOTP Baseball 18.8 Build 76